 Dungeon Crawl Stone Soup version 0.29.1-2-gbd0b4ee654 (webtiles) character file.

Game seed: 12117321382115343199

58 Anathary the Slasher (level 4, -4/42 HPs)
             Began as a Naga Berserker on Nov 18, 2022.
             Was a Follower of Trog.
             Slain by Grinder (5 damage)
             ... on level 3 of the Dungeon.
             The game lasted 00:08:07 (2391 turns).

Anathary the Slasher (Naga Berserker)               Turns: 2391, Time: 00:08:08

Health: -4/42      AC:  4    Str: 20    XL:     4   Next: 2%
Magic:  4/4        EV:  9    Int:  7    God:    Trog [*.....]
Gold:   182        SH:  0    Dex: 12    Spells: 3/3 levels left

rFire   . . .      SeeInvis +   a - +0 falchion
rCold   . . .      Faith    .   (no shield)
rNeg    . . .      Spirit   .   i - +0 ring mail
rPois   +          Reflect  .   (no helmet)
rElec   .          Harm     .   (no cloak)
rCorr   .          Rampage  .   (no gloves)
Will    .....                   (no barding)
Stlth   +.........              (no amulet)
HPRegen 0.14/turn               (no ring)
MPRegen 0.09/turn               (no ring)

@: very slow
A: AC +1, large, see invisible, deformed body, poison resistance, slowness 2,
spit poison 1, naga tail 1
a: Spit Poison, Renounce Religion, Berserk


You were on level 3 of the Dungeon.
You worshipped Trog.
Trog was aware of your devotion.
You visited 1 branch of the dungeon, and saw 3 of its levels.

You collected 182 gold pieces.

Inventory:

Hand Weapons
 a - a +0 falchion (weapon)
Armour
 b - a +0 animal skin
 i - a +0 ring mail (worn)
Scrolls
 c - a scroll of fear {unknown}
 e - a scroll of magic mapping {unknown}
 f - a scroll of brand weapon {unknown}
 j - 4 scrolls of identify {unknown}
 l - a scroll of vulnerability {unknown}
 m - a scroll of noise {unknown}
Potions
 d - a potion of might {unknown}
 g - 3 potions of haste {unknown}
 h - a potion of ambrosia {unknown}
 k - a potion of flight {unknown}


   Skills:
 + Level 3.2 Fighting
 * Level 4.4 Long Blades
 + Level 1.6 Armour
 + Level 1.6 Dodging


You had 3 spell levels left.
You didn't know any spells.
Your spell library was empty.

Dungeon Overview and Level Annotations

Branches:
Dungeon (3/15)

Altars:

Annotations:
D:3 Grinder


Innate Abilities, Weirdness & Mutations

Your serpentine skin is tough. (AC +1)
You have supernaturally acute eyesight. (SInv)
Armour fits poorly on your strangely shaped body.
Your system is resistant to poisons. (rPois)
You cover ground very slowly.
You can spit poison.
You have a snake-like lower body.


Message History

You hit Grinder.
Grinder is lightly wounded.
Grinder hits you but does no damage.
You hit Grinder.
Grinder is moderately wounded.
Grinder blinks!
Grinder gestures at you. You resist with significant effort. Grinder hits you.
You closely miss Grinder.
Grinder is moderately wounded.
Grinder closely misses you.
You hit Grinder.
Grinder is heavily wounded.
Grinder gestures at you.
You suddenly lose the ability to move!
Grinder blinks!
You can move again.
Grinder gestures at you. You resist with significant effort.
Grinder gestures at you. Pain shoots through your body! Grinder hits you!
You hit Grinder but do no damage.
Grinder is heavily wounded.
Grinder blinks!
Grinder gestures at you. Pain shoots through your body! Grinder hits you.
You barely miss Grinder.
Grinder is heavily wounded.
Grinder hits you!
* * * LOW HITPOINT WARNING * * *
You writhe in agony.
* * * LOW HITPOINT WARNING * * *
You hit Grinder.
Grinder is heavily wounded.
Grinder hits you.
* * * LOW HITPOINT WARNING * * *
You writhe in agony.
You die...

###########
#.........#
#.......).#
#.........#
#.........#
#####.:...<...#
##..5@..........#
#..###...........#
#.........##.###...
....#####..##...
###. #.....#
#....#... #..8###
###8..... #...
...... #..8 8...
#...


You could see Grinder.

Vanquished Creatures
  2 adders (D:2)
  A dart slug (D:1)
  3 ball pythons (D:2)
  7 bats
  3 endoplasms (D:1)
  2 giant cockroaches
  A goblin (D:2)
  3 hobgoblins (D:2)
  4 jackals (D:2)
  4 kobolds
  A quokka (D:1)
  A frilled lizard (D:1)
  3 rats
35 creatures vanquished.

Vanquished Creatures (others)
  A plant (D:1)
1 creature vanquished.

Grand Total: 36 creatures vanquished

Notes
Turn   | Place    | Note
-------+----------+-------------------------------------------
     0 | D:1      | Anathary the Naga Berserker began the quest for the Orb.
     0 | D:1      | Reached XP level 1. HP: 21/21 MP: 1/1
   563 | D:1      | Reached XP level 2. HP: 21/28 MP: 2/2
  1310 | D:2      | Reached XP level 3. HP: 12/34 MP: 3/3
  1532 | D:2      | Reached skill level 4 in Long Blades
  2337 | D:3      | Reached XP level 4. HP: 41/42 MP: 4/4
  2364 | D:3      | Noticed Grinder
  2380 | D:3      | Paralysed by Grinder for 2 turns
  2391 | D:3      | HP: 1/42 [Grinder (3)]
  2391 | D:3      | Slain by Grinder

Illustrated notes

Levels and vault maps discovered:
D:1:      eino_arrival_tree_alley, layout_basic
D:2:      layout_rooms
D:3:      layout_rooms, dreamdust_ecumenical_altar_angels_and_demons,
          grunt_ministairs_14, uniq_grinder

Skill      XL: |  1  2  3 |
---------------+----------+-----
Long Blades    | 4 |  4.4
Fighting       | |  3.2
Armour         | |  1.6
Dodging        | |  1.6

Action                   |  1- 3 |  4- 6 || total
-------------------------+-------+-------++-------
Melee: Falchion          |   113 |    14 ||   127
Armor: Animal skin       |    15 |       ||    15
       Ring mail         |    17 |     5 ||    22
Dodge: Dodged            |    58 |     2 ||    60
